 Dungeon Crawl Stone Soup version 0.22-a0-284-g99d1f74 (webtiles) character file.

26 Alchy the Skirmisher (level 2, -1/24 HPs)
             Began as a Demonspawn Berserker on Mar 20, 2018.
             Was a Follower of Trog.
             Slain by a gnoll
             ... wielding a +0 spear
              (3 damage)
             ... on level 2 of the Dungeon.
             The game lasted 00:02:44 (1181 turns).

Alchy the Skirmisher (Demonspawn Berserker)         Turns: 1181, Time: 00:02:45

Health: -1/24      AC:  4    Str: 17    XL:     2   Next: 89%
Magic:  2/2        EV: 12    Int:  8    God:    Trog [*.....]
Gold:   32         SH:  0    Dex: 12    Spells: 1/1 levels left

rFire    . . .     SeeInvis .   a - +0 falchion
rCold    . . .     Gourm    .   (no shield)
rNeg     . . .     Faith    .   b - +0 animal skin
rPois    .         Spirit   .   (no helmet)
rElec    .         Reflect  .   (no cloak)
rCorr    .         Harm     .   (no gloves)
MR       .....                  (no boots)
Stlth    +.........             (no amulet)
HPRegen  0.08/turn              (no ring)
MPRegen  0.08/turn              (no ring)

@: no status effects
A: yellow scales 1
a: Berserk, Renounce Religion


You were on level 2 of the Dungeon.
You worshipped Trog.
Trog was aware of your devotion.
You were not hungry.

You visited 1 branch of the dungeon, and saw 2 of its levels.

You collected 32 gold pieces.

Inventory:

Hand Weapons
 a - a +0 falchion (weapon)
Armour
 b - a +0 animal skin (worn)
Scrolls
 f - a scroll of blinking {unknown}
 g - 2 scrolls of identify {unknown}
 i - a scroll of teleportation {unknown}
Potions
 d - a potion of mutation {unknown}
 e - a potion of heal wounds {unknown}
 h - 3 potions of curing {unknown}
Comestibles
 c - 5 rations


   Skills:
 + Level 3.5 Fighting
 + Level 3.2 Long Blades
 + Level 1.9 Armour
 + Level 1.8 Dodging


You had one spell level left.
You didn't know any spells.

Dungeon Overview and Level Annotations

Branches:
Dungeon (2/15)

Altars:


Innate Abilities, Weirdness & Mutations

You are partially covered in yellow scales. (AC +2)


Message History

Found a robe.
Found a stone staircase leading down. 2 gnolls come into view.
The gnoll shouts! x2
The gnoll throws a throwing net.
The throwing net barely misses you.
Found an escape hatch in the floor.
You see here a throwing net.
The gnoll hits you with a spear!
You closely miss the gnoll. The gnoll hits you with a spear!
The gnoll hits you from afar with a spear.
* * * LOW HITPOINT WARNING * * *
You hit the gnoll but do no damage. The gnoll closely misses you.
The gnoll barely misses you. The gnoll closely misses you.
You see here a whip.
The gnoll hits you from afar with a spear.
* * * LOW HITPOINT WARNING * * *
You see here a dagger.
There is a stone staircase leading up here.
The gnoll hits you from afar with a spear.
You die...

......######.
######.## ##.##
#............
#...g..# #..#
#.###.######
#.####.## ##..#
......g....# #.#
##g###>#.#
#.###.####.####g#
##...##.##... #.#
#.# #..g.g.#
###.......... #.#
#.# ########
#)......##... #.#
#g# #######)#######
.. #.###g#
#.@.g.g.# #.
..g)..#
#.#####.##########.
#g##### #.
#............ #.#
#. #.######## #.
g.# .. #.# #. ###
## #.### ##.
######>
#...#######..
....g..
###..........
....... #..#######.


You could see 2 gnolls.

Vanquished Creatures
  2 worms (D:2)
  A giant cockroach (D:2)
  A goblin (D:1)
  4 hobgoblins
  3 jackals (D:1)
  3 kobolds
  3 bats
  A frilled lizard (D:1)
  2 rats
20 creatures vanquished.

Notes
Turn   | Place    | Note
-------+----------+-------------------------------------------
     0 | D:1      | Alchy the Demonspawn Berserker began the quest for the Orb.
     0 | D:1      | Reached XP level 1. HP: 18/18 MP: 1/1
   153 | D:1      | Gained mutation: You are partially covered in yellow scales. (AC +2) [demonic ancestry]
   153 | D:1      | Reached XP level 2. HP: 17/24 MP: 2/2
  1166 | D:2      | HP: 1/24 [gnoll/spear (6)]
  1181 | D:2      | Slain by a gnoll

Vault maps used:
D:1:      minmay_arrival_four_loops, eino_curves_03
D:2:      first_ration

Skill      XL: |  1  2 |
---------------+-------+-----
Long Blades    | 3 |  3.2
Fighting       | |  3.5
Armour         | |  1.9
Dodging        | |  1.8

Action                   || total
-------------------------++-------
Melee: Falchion          ||    72
Invok: Berserk           ||     1
  Eat: Chunk             ||     2
Armor: Animal skin       ||    16
Dodge: Dodged            ||    49
       Rpst.: Falchion   ||    12

Table legend:
 A = Spawn XP
 B = Non-spawn XP
 C = Spawn XP percentage of total XP
 D = Spawn monster count
 E = Non-spawn monster count
 F = Spawn count percentage of total count
 G = Total turns spent on level
                    A         B        C        D         E        F      G
               +---------+---------+-------+---------+---------+-------+---------
         Total |       0 |      38 |   0.0 |       0 |      20 |   0.0 |  1181
               +---------+---------+-------+---------+---------+-------+---------
           D:1 |       0 |      20 |   0.0 |       0 |      12 |   0.0 |   588
           D:2 |       0 |      18 |   0.0 |       0 |       8 |   0.0 |   593
               +---------+---------+-------+---------+---------+-------+---------
